 Dungeon Crawl Stone Soup version 0.30.0 (webtiles) character file.

Game seed: 12298322393917423115

21 Dani the Trooper (level 2, 24/24 HPs)
             Began as a Demonspawn Fighter on May 20, 2023.
             Was a High Priest of Ignis.
             Quit the game on level 3 of the Dungeon.
             The game lasted 00:01:18 (807 turns).

Dani the Trooper (Demonspawn Fighter)                Turns: 807, Time: 00:01:19

Health: 24/24      AC:  6    Str: 16    XL:     2   Next: 62%
Magic:  2/2        EV:  8    Int:  9    God:    Ignis [*****.]
Gold:   87         SH:  4    Dex: 12    Spells: 1/1 levels left

rFire   + . .        a - +0 war axe
rCold   . . .        c - +0 buckler
rNeg    . . .        b - +0 scale mail
rPois   .            (no helmet)
rElec   .            (no cloak)
rCorr   .            (no gloves)
SInv    .            (no boots)
Will    .....        (no amulet) Stlth
                     (no ring)
HPRegen 0.24/turn    (no ring)
MPRegen 0.08/turn

%: no passive effects
@: no status effects
A: ignite blood 1
a: Renounce Religion, Fiery Armour, Foxfire Swarm, Rising Flame


You were on level 3 of the Dungeon.
You worshipped Ignis.
Ignis was extremely pleased with you.
You visited 1 branch of the dungeon, and saw 3 of its levels.

You collected 87 gold pieces.

Inventory:

Hand Weapons
 a - a +0 war axe (weapon)
Missiles
 Z - 2 throwing nets (quivered)
Armour
 b - a +0 scale mail (worn)
 c - a +0 buckler (worn)
Scrolls
 f - a scroll of teleportation {unknown}
Potions
 d - a potion of might
 e - a potion of resistance {unknown}
 g - a potion of brilliance {unknown}
 h - a potion of attraction {unknown}


   Skills:
 - Level 3.0 Fighting
 + Level 3.0 Axes
 - Level 2.6 Armour
 - Level 2.6 Shields


You had one spell level left.
You didn't know any spells.
Your spell library contained the following spells:

 Spells                   Type           Power      Damage    Failure   Level
 Sublimation of Blood     Necr           0%         N/A       96%         2
 Dazzling Flash           Conj/Hex       0%         N/A       99%         3
 Petrify                  Tmut/Erth      0%         N/A       100%        4
 Agony                    Necr           0%         N/A       100%        5
 Irradiate                Conj/Tmut      0%         3d11      100%        5
 Silence                  Hex/Air        0%         N/A       100%        5


Dungeon Overview and Level Annotations

Branches:
Dungeon (2/15)

Altars:
Ignis


Innate Abilities, Weirdness & Mutations

Your demonic aura sometimes causes spilled blood to erupt in flames.


Message History

Key pressed, stopping explore.
Key pressed, stopping explore.
Key pressed, stopping explore.
You see here a frilled lizard skeleton.
Key pressed, stopping explore.
You now have 87 gold pieces (gained 10).
Key pressed, stopping explore.
You open the door.
There is an open door here.
Found a flail.
You see here a +0 flail.
You see here a +0 flail.
Key pressed, stopping explore.
Key pressed, stopping explore.
You open the door.
There is an open door here.
Key pressed, stopping explore.
Key pressed, stopping explore.
There is an open door here.
Key pressed, stopping explore.
Key pressed, stopping explore.
As you open the door, it creaks loudly!
There is an open door here.
f - a scroll labelled HOSAQE KAEWK Key pressed, stopping explore.
A frilled lizard comes into view.
The frilled lizard hisses angrily.
A frilled lizard is nearby!
A frilled lizard is nearby!
A frilled lizard is nearby!
A frilled lizard is nearby!
A frilled lizard is nearby!
You block the frilled lizard's attack.
You slash the frilled lizard!
You kill the frilled lizard!
No target in view!
No target in view!
No target in view!
No target in view!
No target in view!
No target in view!
Key pressed, stopping explore.
Key pressed, stopping explore.
Key pressed, stopping explore.
Key pressed, stopping explore.
Key pressed, stopping explore.
Key pressed, stopping explore.
Key pressed, stopping explore.
Done exploring.
There is a stone staircase leading down here.
You climb downwards.
Found a glowing puce potion.
There is a stone staircase leading up here.
A sourceless malevolence fills the Dungeon...
You fall into a shaft and drop 1 floor!
The shaft crumbles and collapses.
Found a faded altar of an unknown god.
A giant cockroach comes into view.
Unknown command.
The giant cockroach barely misses you.
You slash the giant cockroach!
You kill the giant cockroach!
No target in view!
No target in view!
Found a black potion.
You enter the shallow water.
Moving in this stuff is going to be slow.
Why would you want to do that?
There is a faded altar of an unknown god here.
This altar belongs to (a) Uskayaw, (b) Cheibriados or (c) Ignis, but you can't tell which.
Press the corresponding letter to learn more about a god, or press enter to convert or escape to cancel.
Okay, then.
h - a black potion A ball python comes into view.
The ball python hisses angrily.
A ball python comes into view.
You completely miss the ball python. The ball python barely misses you.
The ball python grabs you. The ball python constricts you.
The ball python bites you but does no damage.
The ball python constricts you.
You hit the ball python.
The ball python is heavily wounded.
You block the ball python's attack. The ball python constricts you.
You block the ball python's attack. The ball python constricts you.
You slash the ball python!
You kill the ball python!
You closely miss the ball python.
The ball python bites you but does no damage.
The ball python grabs you. The ball python constricts you.
The ball python bites you but does no damage.
The ball python constricts you.
You hit the ball python.
You kill the ball python!
Your Axes skill increases to level 3!
There is a faded altar of an unknown god here.
This altar belongs to (a) Uskayaw, (b) Cheibriados or (c) Ignis, but you can't tell which.
Press the corresponding letter to learn more about a god, or press enter to convert or escape to cancel.
Ignis accepts your prayer! Ignis welcomes you!
Are you sure you want to abandon this character and quit the game? (Confirm with "yes".)

.. ### ##.. ..## #..
....#####.## #.#
##.#.....#.## #.#
###.#~.....~..## #.#
...#.~~...~.~#.###.#
#.#..~.~~~.~..#.##.#
##.#~~~~≈≈.~...#.##.#
#......≈@.≈....#.##.#
#..#~~~~≈≈.~...#....#
#..#..~.~~~.~..#.####
#...#.~~...~.~#.##
###.####....#~.....~..##
#............#.....#.##
#...####...##.#####..# .
#...##........#
#...##........#


There were no monsters in sight!

Vanquished Creatures
  2 endoplasms (D:1)
  3 giant cockroaches
  3 hobgoblins (D:1)
  4 ball pythons
  2 bats (D:1)
  6 frilled lizards (D:1)
  A rat (D:1)
21 creatures vanquished.

Notes
Turn   | Place    | Note
-------+----------+-------------------------------------------
     0 | D:1      | Dani the Demonspawn Fighter began the quest for the Orb.
     0 | D:1      | Reached XP level 1. HP: 18/18 MP: 1/1
     2 | D:1      | Noticed a felid
     2 | D:1      | Noticed an octopode
     4 | D:1      | Noticed a draconian
     6 | D:1      | Noticed a ghoul
     6 | D:1      | Noticed a formicid
     8 | D:1      | Noticed a spriggan
    10 | D:1      | Noticed a troll
    10 | D:1      | Noticed an armataur
    12 | D:1      | Noticed a demigod
    12 | D:1      | Noticed a gargoyle
    14 | D:1      | Noticed a tengu
    14 | D:1      | Noticed a meteoran
    16 | D:1      | Noticed an ogre
    18 | D:1      | Noticed a vampire
    18 | D:1      | Noticed a vine stalker
    20 | D:1      | Noticed an elf
    20 | D:1      | Noticed a minotaur
    22 | D:1      | Noticed a human
    22 | D:1      | Noticed a naga
    24 | D:1      | Noticed a vine stalker
    24 | D:1      | Noticed a demonspawn
    74 | D:1      | Reached skill level 2 in Axes
   249 | D:1      | Gained mutation: Your demonic aura sometimes causes spilled
                  | blood to erupt in flames. [demonic ancestry]
   249 | D:1      | Reached XP level 2. HP: 24/24 MP: 2/2
   296 | D:1      | HP: 6/24 [frozen (3)]
   752 | D:2      | You fall into a shaft and drop 1 floor!
   753 | D:3      | Found a faded altar of an unknown god.
   802 | D:3      | Reached skill level 3 in Axes
   806 | D:3      | Prayed at the altar of an unknown god.
   806 | D:3      | Became a worshipper of Ignis, the Dying Flame
   807 | D:3      | Quit the game

Illustrated notes

Levels and vault maps discovered:
D:1:      kb_arrival_jail, layout_basic, st_stairs_10, dk_noncrumbling_2
D:2:      layout_rooms, serial_shops, nicolae_shop_stone,
          grunt_decor_one_mirror, uniq_crazy_yiuf_cottage
D:3:      layout_basic, overflow_temple_1_default, gammafunk_ghost_cemetery,
          shapermc_ecumenical_altar_starsandcircs, uniq_sigmund

Skill      XL: |  1  2 |
---------------+-------+-----
Axes           | 2 3 |  3.0
Fighting       | |  3.0
Armour         | |  2.6
Shields        | |  2.6

Action                     || total
---------------------------++-------
  Melee: War axe           ||    58
    Use: Scroll            ||     3
 Armour: Scale mail        ||    28
  Dodge: Dodged            ||    21
  Block: Buckler           ||    22

Levels and vault maps discovered:
D:1:      kb_arrival_jail, layout_basic, st_stairs_10, dk_noncrumbling_2
D:2:      layout_rooms, serial_shops, nicolae_shop_stone,
          grunt_decor_one_mirror, uniq_crazy_yiuf_cottage
D:3:      layout_basic, overflow_temple_1_default, gammafunk_ghost_cemetery,
          shapermc_ecumenical_altar_starsandcircs, uniq_sigmund

Table legend: (Time is in decaauts)
 A = Elapsed time spent in this place.
 B = Non-inter-level travel time spent in this place.
 C = Inter-level travel time spent in this place.
 D = Time resting spent in this place.
 E = Time spent auto-exploring this place.
 F = Levels seen in this place.
 G = Mean time per level.
                   A        B        C        D        E       F      G
               +--------+--------+--------+--------+--------+-----+--------+
         Total |    831 |    796 |     35 |      0 |    632 |   3 |  277.0 |
       Dungeon |    831 |    796 |     35 |      0 |    632 |   3 |  277.0 |
               +--------+--------+--------+--------+--------+-----+--------+

Top non-repeatable levels by time:
     D:1: 772 daAuts
     D:3: 58 daAuts
     D:2: 1 daAuts

Table legend:
 A = Kills in this place as a percentage of kills in the entire game.
 B = Kills by you in this place as a percentage of kills by you in the entire game.
 C = Kills by friends in this place as a percentage of kills by friends in the entire game.
 D = Other kills in this place as a percentage of other kills in the entire game.
 E = Experience gained in this place as a percentage of experience gained in the entire game.
 F = Experience gained in this place divided by the number of levels of this place that you have seen.
                   A       B       C       D       E      F
               +-------+-------+-------+-------+-------+----------------------
         Total | 100.0 | 100.0 |   N/A |   N/A | 100.0 |  10.0
       Dungeon | 100.0 | 100.0 |   N/A |   N/A | 100.0 |  10.0
               +-------+-------+-------+-------+-------+----------------------
